Barracuda vs Canucks

Created - March 16, 2025 at 22:46

Goals
1 2 3 T
Barracuda 0 4 0 4
Canucks 2 1 3 6
Shots
1 2 3 T
Barracuda 15 10 8 33
Canucks 13 9 21 43

1st period

1. Canucks , Juho Lammikko 22 (Trevor Moore 11, Jack Rathbone 8) at 13:06
2. Canucks , Ryan Lomberg 47 (Nicolas Petan 62) at 17:08

Penalties :
Ryan Lomberg (Abb) for Holding (Minor) at 0:22, Alex Lintuniemi (S.J) for Roughing (Minor) at 19:03

2nd period

3. Barracuda , Cole Ully 21 (Alex Henriksson 11) at 4:26
4. Barracuda , Thomas Gobeil 10 (Emil Pettersson 54, Alex Lintuniemi 8) at 7:19
5. Barracuda , Emil Pettersson 29 (Jordan Gross 17) at 13:14
6. Canucks , Axel Holmstrom 13 (Juho Lammikko 30) at 14:01
7. Barracuda , Alex Henriksson 9 (Jordan Gross 18, Kyle Platzer 16) at 15:45

Penalties :
Nikolai Kovalenko (S.J) for Cross-checking (Minor) at 2:15, Luke Martin (S.J) for Delaying the game (Minor) at 9:43, Guillaume Brisebois (Abb) for Tripping (Minor) at 15:52, Daniil Miromanov (Abb) for Roughing (Minor) at 15:56

3rd period

8. Canucks , Guillaume Brisebois 1 (Ryan Lomberg 41) at 6:11 (PP)
9. Canucks , Nicolas Petan 33 (Curtis Lazar 48, Daniil Miromanov 16) at 6:33 (PP)
10. Canucks , Nicolas Petan 34 (Ryan Lomberg 42, Curtis Lazar 49) at 19:16

Penalties :
Jordan Gross (S.J) for Hooking (Minor) at 6:00, Brett Kulak (S.J) for Tripping (Minor) at 6:16

Goalie Stats

Joni Ortio (S.J), 37 saves from 43 shots - (0.860), L, 23-19-5, 60:00 minutes
Thatcher Demko (Abb), 29 saves from 33 shots - (0.879), W, 32-12-4, 60:00 minutes

Players Stats for Barracuda

Player Name              G  A  P  +/- PIM S  H  SB GA TA FO     MP     PP MP  PK MP  
------------------------------------------------------------------------------------
Alex Henriksson          1  1  2   2  0   2  2  0  0  0  1/2    13:41   0:00   1:10 
Alex Lintuniemi          0  1  1   0  2   0  0  1  0  1  0/0    12:30   0:00   0:00 
Alexei Toropchenko       0  0  0  -1  0   0  0  1  0  0  0/0     7:20   0:00   0:00 
Beck Malenstyn           0  0  0  -1  0   1  2  0  1  0  0/0     7:27   0:00   0:07 
Brett Kulak              0  0  0   0  2   2  0  3  1  0  0/0    28:23   2:45   3:52 
Cole Ully                1  0  1   0  0   2  1  0  3  0  0/1    16:28   1:38   2:09 
Emil Pettersson          1  1  2   0  0   6  2  0  1  1  13/36  23:25   2:24   3:48 
Jacob Peterson           0  0  0  -1  0   2  2  0  0  0  0/0     7:41   0:00   0:21 
Jaedon Descheneau        0  0  0  -1  0   1  1  0  0  0  0/1    14:26   1:38   0:00 
Jordan Gross             0  2  2   0  2   2  2  1  1  0  0/0    19:31   1:17   2:33 
Kurtis Macdermid         0  0  0   0  0   6  0  0  2  0  0/1    23:25   2:24   3:48 
Kyle Platzer             0  1  1   1  0   2  1  0  0  0  1/7    12:19   0:00   0:00 
Luke Martin              0  0  0   0  2   0  0  1  0  1  0/0    12:03   0:00   0:00 
Mac Hollowell            0  0  0   0  0   2  0  0  0  0  0/0    19:15   1:17   2:16 
Nikolai Kovalenko        0  0  0   2  2   0  0  1  0  0  0/0    12:11   0:00   0:00 
Noah Gregor              0  0  0  -1  0   3  0  0  0  0  9/15   15:34   1:38   1:27 
Robin Norell             0  0  0   0  0   1  1  3  1  0  0/0    28:41   2:45   4:09 
Thomas Gobeil            1  0  1   0  0   1  4  0  0  0  1/3    19:10   2:24   0:00 

Players Stats for Canucks

Player Name              G  A  P  +/- PIM S  H  SB GA TA FO     MP     PP MP  PK MP  
------------------------------------------------------------------------------------
Aku Raty                 0  0  0   0  0   0  0  0  0  0  0/0     0:00   0:00   0:00 
Aleksi Heponiemi         0  0  0  -1  0   0  0  0  0  0  3/5    11:12   0:00   0:00 
Axel Holmstrom           1  0  1   2  0   4  1  0  0  0  8/11   15:59   2:38   0:18 
Brandon Saigeon          0  0  0   0  0   0  0  0  0  0  0/0     0:00   0:00   0:00 
C.J. Smith               0  0  0  -1  0   0  2  0  0  0  0/0     8:34   0:00   0:00 
Charles Hudon            0  0  0   0  0   0  0  0  0  0  0/0     0:10   0:00   0:07 
Curtis Lazar             0  2  2   0  0   7  0  0  0  2  1/1    21:59   3:47   1:31 
Daniil Miromanov         0  1  1   0  2   1  0  5  0  1  0/0    27:04   3:51   1:23 
Guillaume Brisebois      1  0  1   0  2   2  1  0  0  2  0/0    19:13   2:34   0:40 
Jack Rathbone            0  1  1   0  0   0  0  1  0  0  0/0    10:41   0:00   0:30 
Jay O'Brien              0  0  0   0  0   0  0  0  0  0  0/0     1:11   0:00   1:11 
Juho Lammikko            1  1  2   2  0   5  4  0  2  0  2/2    16:34   2:38   0:53 
Lane Pederson            0  0  0  -1  0   1  3  0  0  0  1/2     8:34   0:00   0:00 
Mackenzie MacEachern     0  0  0  -1  0   1  0  0  0  0  1/1    11:12   0:00   0:00 
Michael Kesselring       0  0  0   0  0   0  0  0  0  0  0/0     2:58   0:00   0:21 
Nicolas Petan            2  1  3   0  0   4  0  2  0  2  21/37  22:39   3:47   2:08 
Rasmus Asplund           0  0  0   0  0   0  0  0  0  0  0/0     0:00   0:00   0:00 
Ryan Lomberg             1  2  3   0  2   5  1  0  0  0  3/4    20:30   3:47   0:00 
Simon Bourque            0  0  0   0  0   1  0  1  0  0  0/0    11:10   0:00   1:08 
Tobias Lindberg          0  0  0  -1  0   1  2  0  0  1  0/1     8:34   0:00   0:00 
Trevor Moore             0  1  1   2  0   1  1  0  0  0  0/1    15:41   2:38   0:00 
Will Borgen              0  0  0   0  0   2  3  2  0  0  0/0    20:19   2:34   1:30 
William Lagesson         0  0  0   0  0   4  2  0  0  2  0/0    28:34   3:51   2:32 
William Lockwood         0  0  0  -1  0   4  2  0  1  0  1/1    11:12   0:00   0:00 

3 Stars

1 - Nicolas Petan (Abb)
2 - Juho Lammikko (Abb)
3 - Alex Henriksson (S.J)

Power Play

Barracuda - 0 on 3 Attempt(s) - 0.00%
Canucks - 2 on 5 Attempt(s) - 40.00%

Penalty Kill

Barracuda - 3 on 5 Attempt(s) - 60.00% - Score 0 goal in Penalty Kill
Canucks - 3 on 3 Attempt(s) - 100.00% - Score 0 goal in Penalty Kill

Team Stat

Barracuda - Hits : 18 - Faceoff Wins : 25 - Blocked Shots : 11 - Penalty Minutes : 10
Canucks - Hits : 22 - Faceoff Wins : 41 - Blocked Shots : 11 - Penalty Minutes : 6

Official

Referees : Justin St. Pierre and Gord Dwyer
Linesman : Tony Sericolo and Matt MacPherson

Game Notes

No Game Note

Finance

Level 1 -- Attendance: 2000 (100.00%) -- Ticket Income $140,000
Level 2 -- Attendance: 910 (91.00%) -- Ticket Income $36,400
Total Attendance: 2910 (97.00%)
Total Ticket Income: $176,400
Other Income: $8,820
Total Income: $185,220

Barracuda

5 vs 5 Forward 
   Center                   Left Wing                Right Wing               Time % Phy DF OF 
 1 Emil Pettersson          Kurtis Macdermid         Thomas Gobeil            40     1   2  2  
 2 Noah Gregor              Cole Ully                Jaedon Descheneau        30     1   2  2  
 3 Kyle Platzer             Alex Henriksson          Nikolai Kovalenko        20     1   2  2  
 4 Jacob Peterson           Beck Malenstyn           Alexei Toropchenko       10     1   2  2  

5 vs 5 Defense 
   Defense                  Defense                                           Time % Phy DF OF 
 1 Brett Kulak              Robin Norell                                      40     1   2  2  
 2 Mac Hollowell            Jordan Gross                                      30     1   2  2  
 3 Luke Martin              Alex Lintuniemi                                   20     1   2  2  
 4 Brett Kulak              Robin Norell                                      10     1   2  2  

PowerPlay Forward 
   Center                   Left Wing                Right Wing               Time % Phy DF OF 
 1 Emil Pettersson          Kurtis Macdermid         Thomas Gobeil            60     1   2  2  
 2 Noah Gregor              Cole Ully                Jaedon Descheneau        40     1   2  2  

PowerPlay Defense
   Defense                  Defense                                           Time % Phy DF OF 
 1 Brett Kulak              Robin Norell                                      60     1   2  2  
 2 Mac Hollowell            Jordan Gross                                      40     1   2  2  

Penalty Kill 4 Players Forward 
   Center                   Wing                     Time % Phy DF OF 
 1 Emil Pettersson          Kurtis Macdermid         60     1   4  0  
 2 Noah Gregor              Cole Ully                40     1   4  0  

Penalty Kill 4 Players Defense
   Defense                  Defense                  Time % Phy DF OF 
 1 Brett Kulak              Robin Norell             60     1   4  0  
 2 Mac Hollowell            Jordan Gross             40     1   4  0  

Penalty Kill - 3 Players Forward 
   Forward                                           Time % Phy DF OF 
 1 Emil Pettersson                                   60     1   4  0  
 2 Noah Gregor                                       40     1   4  0  

Penalty Kill - 3 Players Defense
   Defense                  Defense                  Time % Phy DF OF 
 1 Brett Kulak              Robin Norell             60     1   4  0  
 2 Mac Hollowell            Jordan Gross             40     1   4  0  

4 vs 4 Forward 
   Center                   Wing                     Time % Phy DF OF 
 1 Emil Pettersson          Kurtis Macdermid         60     1   2  2  
 2 Noah Gregor              Cole Ully                40     1   2  2  

4 vs 4 Defense
   Defense                  Defense                  Time % Phy DF OF 
 1 Brett Kulak              Robin Norell             60     1   2  2  
 2 Mac Hollowell            Jordan Gross             40     1   2  2  

Last Minutes Offensive
   Center                   Left Wing                Right Wing               Defense                  Defense                  
   Emil Pettersson          Kurtis Macdermid         Thomas Gobeil            Brett Kulak              Robin Norell             

Last Minutes Defensive
   Center                   Left Wing                Right Wing               Defense                  Defense                  
   Emil Pettersson          Kurtis Macdermid         Thomas Gobeil            Brett Kulak              Robin Norell             

Goaltenders
Starting : Joni Ortio               
Backup : Filip Larsson            

Extra Forwards
Normal : Alex Henriksson, Kyle Platzer, Thomas Gobeil - PP : Alex Henriksson, Kyle Platzer - PK : Alex Henriksson
Extra Defensemen
Normal : Jordan Gross, Luke Martin, Alex Lintuniemi - PP : Jordan Gross - PK : Jordan Gross, Luke Martin
Penalty Shots
Kurtis Macdermid, Emil Pettersson, Cole Ully, Noah Gregor, Alex Henriksson
Custom OT Lines Forwards
Kurtis Macdermid, Emil Pettersson, Cole Ully, Noah Gregor, Alex Henriksson, Kyle Platzer, Thomas Gobeil, Jacob Peterson, Jaedon Descheneau, Nikolai Kovalenko
Custom OT Lines Defensemen
Brett Kulak, Robin Norell, Mac Hollowell, Jordan Gross, Luke Martin

Scratches
Ryan Merkley (Healthy), Bode Wilde (Healthy), Theodor Blueger (Bruised Left Shoulder Injury), William Carrier (Healthy), Dennis Cholowski (Healthy)
Adam Edstrom (Healthy), Adam Beckman (Healthy), Angus Crookshank (Healthy), Kevin Mandolese (Healthy)

Canucks

5 vs 5 Forward 
   Center                   Left Wing                Right Wing               Time % Phy DF OF 
 1 Nicolas Petan            Ryan Lomberg             Curtis Lazar             40     1   2  2  
 2 Axel Holmstrom           Trevor Moore             Juho Lammikko            30     1   2  2  
 3 Aleksi Heponiemi         Mackenzie MacEachern     William Lockwood         20     1   2  2  
 4 Lane Pederson            C.J. Smith               Tobias Lindberg          10     1   2  2  

5 vs 5 Defense 
   Defense                  Defense                                           Time % Phy DF OF 
 1 William Lagesson         Daniil Miromanov                                  40     1   2  2  
 2 Guillaume Brisebois      Will Borgen                                       30     1   2  2  
 3 Jack Rathbone            Simon Bourque                                     20     1   2  2  
 4 Michael Kesselring       William Lagesson                                  10     1   2  2  

PowerPlay Forward 
   Center                   Left Wing                Right Wing               Time % Phy DF OF 
 1 Nicolas Petan            Ryan Lomberg             Curtis Lazar             60     1   2  2  
 2 Axel Holmstrom           Trevor Moore             Juho Lammikko            40     1   2  2  

PowerPlay Defense
   Defense                  Defense                                           Time % Phy DF OF 
 1 William Lagesson         Daniil Miromanov                                  60     1   2  2  
 2 Guillaume Brisebois      Will Borgen                                       40     1   2  2  

Penalty Kill 4 Players Forward 
   Center                   Wing                     Time % Phy DF OF 
 1 Nicolas Petan            Curtis Lazar             60     1   2  2  
 2 Ryan Lomberg             Juho Lammikko            40     1   2  2  

Penalty Kill 4 Players Defense
   Defense                  Defense                  Time % Phy DF OF 
 1 William Lagesson         Daniil Miromanov         60     1   2  2  
 2 Guillaume Brisebois      Will Borgen              40     1   2  2  

Penalty Kill - 3 Players Forward 
   Forward                                           Time % Phy DF OF 
 1 Nicolas Petan                                     60     1   2  2  
 2 Curtis Lazar                                      40     1   2  2  

Penalty Kill - 3 Players Defense
   Defense                  Defense                  Time % Phy DF OF 
 1 William Lagesson         Daniil Miromanov         60     1   2  2  
 2 Guillaume Brisebois      Will Borgen              40     1   2  2  

4 vs 4 Forward 
   Center                   Wing                     Time % Phy DF OF 
 1 Nicolas Petan            Curtis Lazar             60     1   2  2  
 2 Ryan Lomberg             Juho Lammikko            40     1   2  2  

4 vs 4 Defense
   Defense                  Defense                  Time % Phy DF OF 
 1 William Lagesson         Daniil Miromanov         60     1   2  2  
 2 Guillaume Brisebois      Will Borgen              40     1   2  2  

Last Minutes Offensive
   Center                   Left Wing                Right Wing               Defense                  Defense                  
   Nicolas Petan            Ryan Lomberg             Curtis Lazar             William Lagesson         Daniil Miromanov         

Last Minutes Defensive
   Center                   Left Wing                Right Wing               Defense                  Defense                  
   Nicolas Petan            Ryan Lomberg             Curtis Lazar             William Lagesson         Daniil Miromanov         

Goaltenders
Starting : Thatcher Demko           
Backup : Casey DeSmith            

Extra Forwards
Normal : Charles Hudon, Rasmus Asplund, Jay O'Brien - PP : Charles Hudon, Rasmus Asplund - PK : Jay O'Brien
Extra Defensemen
Normal : Jack Rathbone, Simon Bourque, Michael Kesselring - PP : Jack Rathbone - PK : Simon Bourque, Michael Kesselring
Penalty Shots
Nicolas Petan, Curtis Lazar, Ryan Lomberg, Juho Lammikko, Trevor Moore
Custom OT Lines Forwards
Nicolas Petan, Curtis Lazar, Ryan Lomberg, Juho Lammikko, Trevor Moore, Axel Holmstrom, Mackenzie MacEachern, C.J. Smith, Charles Hudon, William Lockwood
Custom OT Lines Defensemen
William Lagesson, Daniil Miromanov, Guillaume Brisebois, Will Borgen, Jack Rathbone

Scratches
Dan Renouf (Right Eye Injury), Jake Paterson (Healthy), Marek Langhamer (Healthy)

% Time on Ice - Barracuda

Lines # - Real PCT - Wanted PCT - Time Play
Normal Forward
1 - 35% - 40% - 17:12
2 - 25% - 30% - 12:29
3 - 24% - 20% - 12:00
4 - 15% - 10% - 7:20
Normal Defense
1 - 40% - 40% - 19:32
2 - 32% - 30% - 15:42
3 - 25% - 20% - 12:04
4 - 4% - 10% - 1:43
PP Forward
1 - 60% - 60% - 2:24
2 - 40% - 40% - 1:38
PP Defense
1 - 68% - 60% - 2:45
2 - 32% - 40% - 1:17
PK Forward
1 - 77% - 60% - 4:58
2 - 23% - 40% - 1:27
PK Defense
1 - 65% - 60% - 4:09
2 - 35% - 40% - 2:16
PK3 Forward
1 - 0% - 60%
2 - 0% - 40%
PK3 Defense
1 - 0% - 60%
2 - 0% - 40%
44 Forward
1 - 0% - 60%
2 - 0% - 40%
44 Defense
1 - 0% - 60%
2 - 0% - 40%
Last Minute Offensive  - 0:32
Last Minute Defensive  - 0:00
Total
Forward - 60:00
Defense - 60:00

% Time on Ice - Canucks

Lines # - Real PCT - Wanted PCT - Time Play
Normal Forward
1 - 34% - 40% - 16:44
2 - 26% - 30% - 13:03
3 - 23% - 20% - 11:12
4 - 17% - 10% - 8:34
Normal Defense
1 - 42% - 40% - 20:39
2 - 33% - 30% - 16:15
3 - 20% - 20% - 10:02
4 - 5% - 10% - 2:37
PP Forward
1 - 59% - 60% - 3:47
2 - 41% - 40% - 2:38
PP Defense
1 - 60% - 60% - 3:51
2 - 40% - 40% - 2:34
PK Forward
1 - 57% - 60% - 1:13
2 - 43% - 40% - 0:54
PK Defense
1 - 66% - 60% - 1:24
2 - 34% - 40% - 0:43
PK3 Forward
1 - 79% - 60% - 1:31
2 - 21% - 40% - 0:24
PK3 Defense
1 - 59% - 60% - 1:08
2 - 41% - 40% - 0:47
44 Forward
1 - 0% - 60%
2 - 0% - 40%
44 Defense
1 - 0% - 60%
2 - 0% - 40%
Last Minute Offensive  - 0:00
Last Minute Defensive  - 0:00
Total
Forward - 60:00
Defense - 60:00

Play-by-Play

1st period


0:01 of 1st period - Nicolas Petan wins face-off versus Emil Pettersson in neutral zone.
0:14 of 1st period - Backhand shot by Kurtis Macdermid.
0:14 of 1st period - Stopped by Thatcher Demko with a rebound.
0:22 of 1st period - Minor Penalty to Ryan Lomberg for Holding.
0:23 of 1st period - Nicolas Petan wins face-off versus Emil Pettersson in Canucks zone.
0:47 of 1st period - Kurtis Macdermid is hit by William Lagesson.
1:11 of 1st period - Slapshot by Kurtis Macdermid.
1:11 of 1st period - Shot Blocked by Daniil Miromanov.
1:21 of 1st period - Curtis Lazar is hit by Emil Pettersson and loses puck.
1:30 of 1st period - Snap shot by Curtis Lazar.
1:30 of 1st period - Stopped by Joni Ortio with a rebound.
1:32 of 1st period - Slapshot by Nicolas Petan.
1:32 of 1st period - Deflect By Curtis Lazar.
1:32 of 1st period - Stopped by Joni Ortio with a rebound.
2:22 of 1st period - Penalty to Ryan Lomberg is over, Ryan Lomberg is back on ice.
2:42 of 1st period - Jordan Gross is hit by William Lockwood and loses puck.
2:59 of 1st period - Slapshot by Jacob Peterson.
2:59 of 1st period - Shot Blocked by Jack Rathbone.
3:01 of 1st period - Snap shot by Mac Hollowell.
3:01 of 1st period - Stopped by Thatcher Demko with a rebound.
3:03 of 1st period - Slapshot by Jordan Gross.
3:03 of 1st period - Stopped by Thatcher Demko with a rebound.
3:05 of 1st period - Snap shot by Mac Hollowell.
3:05 of 1st period - Stopped by Thatcher Demko with a rebound.
3:53 of 1st period - Robin Norell is hit by Guillaume Brisebois and loses puck.
4:10 of 1st period - Kyle Platzer is hit by C.J. Smith and loses puck.
4:23 of 1st period - C.J. Smith is hit by Cole Ully and loses puck.
4:36 of 1st period - Slapshot by Ryan Lomberg.
4:36 of 1st period - Stopped by Joni Ortio with a rebound.
4:52 of 1st period - Slapshot by Juho Lammikko.
4:52 of 1st period - Shot Blocked by Nikolai Kovalenko.
5:26 of 1st period - Robin Norell is hit by Juho Lammikko and loses puck.
5:37 of 1st period - Brett Kulak is hit by William Lockwood and loses puck.
5:58 of 1st period - Noah Gregor is hit by Tobias Lindberg and loses puck.
6:18 of 1st period - Icing by Will Borgen.
6:19 of 1st period - Noah Gregor wins face-off versus Tobias Lindberg in Canucks zone.
6:22 of 1st period - Wrist shot by Noah Gregor.
6:22 of 1st period - Shot Blocked by Daniil Miromanov.
6:42 of 1st period - Daniil Miromanov is hit by Beck Malenstyn and loses puck.
6:58 of 1st period - Off-side.
6:59 of 1st period - Ryan Lomberg wins face-off versus Kyle Platzer in neutral zone.
7:02 of 1st period - Snap shot by Nicolas Petan.
7:02 of 1st period - Shot Blocked by Jordan Gross.
7:14 of 1st period - Wrist shot by Kyle Platzer.
7:14 of 1st period - Shot Misses the Net.
7:29 of 1st period - Wrist shot by Axel Holmstrom.
7:29 of 1st period - Stopped by Joni Ortio without a rebound.
7:30 of 1st period - Axel Holmstrom wins face-off versus Emil Pettersson in Barracuda zone.
7:37 of 1st period - Snap shot by Axel Holmstrom.
7:37 of 1st period - Stopped by Joni Ortio without a rebound.
7:38 of 1st period - Emil Pettersson wins face-off versus Axel Holmstrom in Barracuda zone.
8:06 of 1st period - Wrist shot by Kurtis Macdermid.
8:06 of 1st period - Stopped by Thatcher Demko with a rebound.
8:12 of 1st period - Slapshot by Daniil Miromanov.
8:12 of 1st period - Stopped by Joni Ortio without a rebound.
8:13 of 1st period - Noah Gregor wins face-off versus Nicolas Petan in Barracuda zone.
8:48 of 1st period - Wrist shot by Mackenzie MacEachern.
8:48 of 1st period - Deflect By Aleksi Heponiemi.
8:48 of 1st period - Shot Misses the Net.
8:48 of 1st period - Puck is out of play.
8:49 of 1st period - Axel Holmstrom wins face-off versus Emil Pettersson in Barracuda zone.
9:04 of 1st period - Slapshot by Juho Lammikko.
9:04 of 1st period - Stopped by Joni Ortio without a rebound.
9:05 of 1st period - Nicolas Petan wins face-off versus Noah Gregor in Barracuda zone.
9:21 of 1st period - Wrist shot by Cole Ully.
9:21 of 1st period - Stopped by Thatcher Demko without a rebound.
9:22 of 1st period - Axel Holmstrom wins face-off versus Emil Pettersson in Canucks zone.
9:33 of 1st period - Snap shot by Kurtis Macdermid.
9:33 of 1st period - Stopped by Thatcher Demko without a rebound.
9:34 of 1st period - Nicolas Petan wins face-off versus Emil Pettersson in Canucks zone.
9:39 of 1st period - Snap shot by Ryan Lomberg.
9:39 of 1st period - Stopped by Joni Ortio with a rebound.
10:26 of 1st period - Slapshot by Kurtis Macdermid.
10:26 of 1st period - Shot Misses the Net.
10:28 of 1st period - Snap shot by Thomas Gobeil.
10:28 of 1st period - Shot Blocked by Daniil Miromanov.
10:30 of 1st period - Wrist shot by Emil Pettersson.
10:30 of 1st period - Shot Misses the Net.
10:32 of 1st period - Snap shot by Thomas Gobeil.
10:32 of 1st period - Shot Misses the Net.
11:04 of 1st period - Snap shot by Emil Pettersson.
11:04 of 1st period - Deflect By Kurtis Macdermid.
11:04 of 1st period - Stopped by Thatcher Demko without a rebound.
11:05 of 1st period - Noah Gregor wins face-off versus Nicolas Petan in Canucks zone.
11:10 of 1st period - Wrist shot by Noah Gregor.
11:10 of 1st period - Stopped by Thatcher Demko without a rebound.
11:11 of 1st period - Noah Gregor wins face-off versus Nicolas Petan in Canucks zone.
11:27 of 1st period - Slapshot by Cole Ully.
11:27 of 1st period - Shot Blocked by Nicolas Petan.
11:35 of 1st period - Snap shot by Curtis Lazar.
11:35 of 1st period - Stopped by Joni Ortio without a rebound.
11:36 of 1st period - Kyle Platzer wins face-off versus Trevor Moore in Barracuda zone.
11:41 of 1st period - Slapshot by Brett Kulak.
11:41 of 1st period - Shot Misses the Net.
11:43 of 1st period - Wrist shot by Alex Henriksson.
11:43 of 1st period - Shot Misses the Net.
11:45 of 1st period - Slapshot by Brett Kulak.
11:45 of 1st period - Stopped by Thatcher Demko with a rebound.
12:30 of 1st period - Wrist shot by Noah Gregor.
12:30 of 1st period - Stopped by Thatcher Demko with a rebound.
13:02 of 1st period - Slapshot by Juho Lammikko.
13:02 of 1st period - Shot Misses the Net.
13:06 of 1st period - Wrist shot by Juho Lammikko.
13:06 of 1st period - Goal by Juho Lammikko - Barracuda : 0 - Canucks : 1.
13:07 of 1st period - Noah Gregor wins face-off versus Nicolas Petan in neutral zone.
13:20 of 1st period - Snap shot by Ryan Lomberg.
13:20 of 1st period - Stopped by Joni Ortio without a rebound.
13:21 of 1st period - Nicolas Petan wins face-off versus Emil Pettersson in Barracuda zone.
15:15 of 1st period - Guillaume Brisebois is hit by Jaedon Descheneau and loses puck.
16:50 of 1st period - Wrist shot by Aleksi Heponiemi.
16:50 of 1st period - Shot Misses the Net.
16:52 of 1st period - Slapshot by William Lagesson.
16:52 of 1st period - Stopped by Joni Ortio without a rebound.
16:53 of 1st period - Curtis Lazar wins face-off versus Emil Pettersson in Barracuda zone.
17:08 of 1st period - Snap shot by Ryan Lomberg.
17:08 of 1st period - Goal by Ryan Lomberg - Barracuda : 0 - Canucks : 2.
17:09 of 1st period - Nicolas Petan wins face-off versus Emil Pettersson in neutral zone.
17:14 of 1st period - Slapshot by Curtis Lazar.
17:14 of 1st period - Deflect By Nicolas Petan.
17:14 of 1st period - Shot Misses the Net.
17:14 of 1st period - Puck is out of play.
17:15 of 1st period - Emil Pettersson wins face-off versus Nicolas Petan in Barracuda zone.
17:45 of 1st period - Wrist shot by Kurtis Macdermid.
17:45 of 1st period - Stopped by Thatcher Demko with a rebound.
17:47 of 1st period - Slapshot by Robin Norell.
17:47 of 1st period - Shot Blocked by Daniil Miromanov.
17:49 of 1st period - Slapshot by Brett Kulak.
17:49 of 1st period - Deflect By Ryan Lomberg.
17:49 of 1st period - Stopped by Thatcher Demko with a rebound.
17:51 of 1st period - Snap shot by Robin Norell.
17:51 of 1st period - Stopped by Thatcher Demko with a rebound.
17:53 of 1st period - Snap shot by Emil Pettersson.
17:53 of 1st period - Stopped by Thatcher Demko without a rebound.
17:54 of 1st period - Noah Gregor wins face-off versus Axel Holmstrom in Canucks zone.
18:21 of 1st period - Nikolai Kovalenko is hit by C.J. Smith and loses puck.
18:41 of 1st period - Icing by Alex Henriksson.
18:42 of 1st period - William Lockwood wins face-off versus Kyle Platzer in Barracuda zone.
18:43 of 1st period - Wrist shot by Aleksi Heponiemi.
18:43 of 1st period - Shot Blocked by Alex Lintuniemi.
18:45 of 1st period - Slapshot by William Lagesson.
18:45 of 1st period - Shot Misses the Net.
18:47 of 1st period - Slapshot by William Lagesson.
18:47 of 1st period - Shot Blocked by Luke Martin.
19:03 of 1st period - Minor Penalty to Alex Lintuniemi for Roughing.
19:04 of 1st period - Emil Pettersson wins face-off versus Nicolas Petan in Barracuda zone.
19:04 of 1st period - Emil Pettersson is hit by Ryan Lomberg.
Goals for this period are 0 for Barracuda vs 2 for Canucks.
Shots for this period are 15 for Barracuda vs 13 for Canucks.

2nd period


0:01 of 2nd period - Emil Pettersson wins face-off versus Nicolas Petan in neutral zone.
0:14 of 2nd period - Slapshot by Kurtis Macdermid.
0:14 of 2nd period - Shot Misses the Net.
0:33 of 2nd period - Icing by Axel Holmstrom.
0:34 of 2nd period - Juho Lammikko wins face-off versus Noah Gregor in Canucks zone.
1:03 of 2nd period - Penalty to Alex Lintuniemi is over, Alex Lintuniemi is back on ice.
1:29 of 2nd period - Off-side.
1:30 of 2nd period - Lane Pederson wins face-off versus Noah Gregor in neutral zone.
2:03 of 2nd period - Slapshot by Curtis Lazar.
2:03 of 2nd period - Stopped by Joni Ortio with a rebound.
2:15 of 2nd period - Minor Penalty to Nikolai Kovalenko for Cross-checking.
2:16 of 2nd period - Emil Pettersson wins face-off versus Ryan Lomberg in Barracuda zone.
2:41 of 2nd period - Jordan Gross is hit by Axel Holmstrom.
2:51 of 2nd period - Noah Gregor is hit by Juho Lammikko and loses puck.
4:15 of 2nd period - Penalty to Nikolai Kovalenko is over, Nikolai Kovalenko is back on ice.
4:20 of 2nd period - Snap shot by William Lockwood.
4:20 of 2nd period - Stopped by Joni Ortio with a rebound.
4:26 of 2nd period - Wrist shot by Cole Ully.
4:26 of 2nd period - Goal by Cole Ully - Barracuda : 1 - Canucks : 2.
4:27 of 2nd period - Axel Holmstrom wins face-off versus Emil Pettersson in neutral zone.
4:38 of 2nd period - Jordan Gross is hit by Juho Lammikko and loses puck.
5:02 of 2nd period - Slapshot by William Lockwood.
5:02 of 2nd period - Stopped by Joni Ortio with a rebound.
5:25 of 2nd period - Icing by Ryan Lomberg.
5:26 of 2nd period - Nicolas Petan wins face-off versus Noah Gregor in Canucks zone.
5:26 of 2nd period - Nicolas Petan is hit by Robin Norell.
5:52 of 2nd period - Snap shot by Nicolas Petan.
5:52 of 2nd period - Stopped by Joni Ortio with a rebound.
6:59 of 2nd period - Slapshot by Noah Gregor.
6:59 of 2nd period - Stopped by Thatcher Demko with a rebound.
7:17 of 2nd period - Snap shot by Emil Pettersson.
7:17 of 2nd period - Stopped by Thatcher Demko with a rebound.
7:19 of 2nd period - Slapshot by Thomas Gobeil.
7:19 of 2nd period - Goal by Thomas Gobeil - Barracuda : 2 - Canucks : 2.
7:20 of 2nd period - Emil Pettersson wins face-off versus Nicolas Petan in neutral zone.
8:50 of 2nd period - Guillaume Brisebois is hit by Thomas Gobeil and loses puck.
9:01 of 2nd period - Snap shot by Emil Pettersson.
9:01 of 2nd period - Stopped by Thatcher Demko with a rebound.
9:17 of 2nd period - Snap shot by Kyle Platzer.
9:17 of 2nd period - Stopped by Thatcher Demko with a rebound.
9:19 of 2nd period - Snap shot by Mac Hollowell.
9:19 of 2nd period - Shot Blocked by Will Borgen.
9:21 of 2nd period - Slapshot by Luke Martin.
9:21 of 2nd period - Shot Blocked by Will Borgen.
9:43 of 2nd period - Minor Penalty to Luke Martin for Delaying the game.
9:44 of 2nd period - Nicolas Petan wins face-off versus Emil Pettersson in Barracuda zone.
10:10 of 2nd period - Emil Pettersson is hit by Juho Lammikko and loses puck.
10:17 of 2nd period - Snap shot by Juho Lammikko.
10:17 of 2nd period - Shot Blocked by Brett Kulak.
11:07 of 2nd period - Trevor Moore is hit by Jacob Peterson and loses puck.
11:43 of 2nd period - Penalty to Luke Martin is over, Luke Martin is back on ice.
12:17 of 2nd period - Noah Gregor is hit by Lane Pederson and loses puck.
12:46 of 2nd period - Robin Norell is hit by William Lagesson and loses puck.
13:05 of 2nd period - Snap shot by Tobias Lindberg.
13:05 of 2nd period - Stopped by Joni Ortio without a rebound.
13:06 of 2nd period - Emil Pettersson wins face-off versus Lane Pederson in Barracuda zone.
13:06 of 2nd period - Emil Pettersson is hit by Lane Pederson.
13:14 of 2nd period - Wrist shot by Emil Pettersson.
13:14 of 2nd period - Goal by Emil Pettersson - Barracuda : 3 - Canucks : 2.
13:15 of 2nd period - Thomas Gobeil wins face-off versus Nicolas Petan in neutral zone.
13:49 of 2nd period - Slapshot by William Lagesson.
13:49 of 2nd period - Stopped by Joni Ortio without a rebound.
13:50 of 2nd period - Axel Holmstrom wins face-off versus Noah Gregor in Barracuda zone.
13:55 of 2nd period - Snap shot by Axel Holmstrom.
13:55 of 2nd period - Shot Misses the Net.
14:01 of 2nd period - Snap shot by Axel Holmstrom.
14:01 of 2nd period - Goal by Axel Holmstrom - Barracuda : 3 - Canucks : 3.
14:02 of 2nd period - Nicolas Petan wins face-off versus Thomas Gobeil in neutral zone.
14:49 of 2nd period - Snap shot by Alex Henriksson.
14:49 of 2nd period - Stopped by Thatcher Demko without a rebound.
14:50 of 2nd period - Aleksi Heponiemi wins face-off versus Kyle Platzer in Canucks zone.
14:59 of 2nd period - Wrist shot by William Lockwood.
14:59 of 2nd period - Stopped by Joni Ortio with a rebound.
15:25 of 2nd period - Wrist shot by Nikolai Kovalenko.
15:25 of 2nd period - Shot Blocked by Daniil Miromanov.
15:27 of 2nd period - Slapshot by Jordan Gross.
15:27 of 2nd period - Shot Misses the Net.
15:37 of 2nd period - Slapshot by Alex Henriksson.
15:37 of 2nd period - Shot Hit the Post.
15:41 of 2nd period - Wrist shot by Kyle Platzer.
15:41 of 2nd period - Shot Blocked by Nicolas Petan.
15:43 of 2nd period - Slapshot by Jordan Gross.
15:43 of 2nd period - Stopped by Thatcher Demko with a rebound.
15:45 of 2nd period - Snap shot by Alex Henriksson.
15:45 of 2nd period - Goal by Alex Henriksson - Barracuda : 4 - Canucks : 3.
15:46 of 2nd period - Axel Holmstrom wins face-off versus Emil Pettersson in neutral zone.
15:52 of 2nd period - Minor Penalty to Guillaume Brisebois for Tripping.
15:53 of 2nd period - Nicolas Petan wins face-off versus Kurtis Macdermid in Canucks zone.
15:53 of 2nd period - Nicolas Petan is hit by Emil Pettersson.
15:56 of 2nd period - Minor Penalty to Daniil Miromanov for Roughing.
15:57 of 2nd period - Nicolas Petan wins face-off versus Emil Pettersson in Canucks zone.
16:02 of 2nd period - Off-side.
16:03 of 2nd period - Nicolas Petan wins face-off versus Emil Pettersson in neutral zone.
16:35 of 2nd period - Slapshot by Brett Kulak.
16:35 of 2nd period - Shot Blocked by Simon Bourque.
16:37 of 2nd period - Snap shot by Brett Kulak.
16:37 of 2nd period - Shot Misses the Net.
17:36 of 2nd period - Slapshot by Will Borgen.
17:36 of 2nd period - Shot Misses the Net.
17:52 of 2nd period - Penalty to Guillaume Brisebois is over, Guillaume Brisebois is back on ice.
17:56 of 2nd period - Penalty to Daniil Miromanov is over, Daniil Miromanov is back on ice.
18:04 of 2nd period - Slapshot by Trevor Moore.
18:04 of 2nd period - Stopped by Joni Ortio without a rebound.
18:05 of 2nd period - Axel Holmstrom wins face-off versus Kyle Platzer in Barracuda zone.
18:44 of 2nd period - Mackenzie MacEachern is hit by Jacob Peterson and loses puck.
19:14 of 2nd period - Emil Pettersson is hit by Lane Pederson and loses puck.
19:19 of 2nd period - Snap shot by Lane Pederson.
19:19 of 2nd period - Deflect By Thomas Gobeil.
19:19 of 2nd period - Shot Misses the Net.
19:19 of 2nd period - Puck is out of play.
19:20 of 2nd period - Noah Gregor wins face-off versus Nicolas Petan in Barracuda zone.
Goals for this period are 4 for Barracuda vs 1 for Canucks.
Shots for this period are 10 for Barracuda vs 9 for Canucks.

3rd period


0:01 of 3rd period - Emil Pettersson wins face-off versus Nicolas Petan in neutral zone.
0:06 of 3rd period - Wrist shot by Emil Pettersson.
0:06 of 3rd period - Deflect By Daniil Miromanov.
0:06 of 3rd period - Stopped by Thatcher Demko without a rebound.
0:07 of 3rd period - Nicolas Petan wins face-off versus Emil Pettersson in Canucks zone.
0:17 of 3rd period - Snap shot by Kurtis Macdermid.
0:17 of 3rd period - Stopped by Thatcher Demko without a rebound.
0:18 of 3rd period - Ryan Lomberg wins face-off versus Emil Pettersson in Canucks zone.
1:03 of 3rd period - William Lagesson is hit by Alex Henriksson and loses puck.
1:08 of 3rd period - Mackenzie MacEachern is hit by Jordan Gross.
1:31 of 3rd period - Snap shot by Jacob Peterson.
1:31 of 3rd period - Stopped by Thatcher Demko with a rebound.
1:33 of 3rd period - Snap shot by Beck Malenstyn.
1:33 of 3rd period - Stopped by Thatcher Demko without a rebound.
1:34 of 3rd period - Emil Pettersson wins face-off versus Nicolas Petan in Canucks zone.
2:00 of 3rd period - Noah Gregor is hit by Will Borgen and loses puck.
2:27 of 3rd period - Simon Bourque is hit by Alex Henriksson and loses puck.
3:30 of 3rd period - Slapshot by Mac Hollowell.
3:30 of 3rd period - Deflect By Noah Gregor.
3:30 of 3rd period - Shot Misses the Net.
3:30 of 3rd period - Puck is out of play.
3:31 of 3rd period - Nicolas Petan wins face-off versus Emil Pettersson in Canucks zone.
3:44 of 3rd period - Wrist shot by Emil Pettersson.
3:44 of 3rd period - Stopped by Thatcher Demko without a rebound.
3:45 of 3rd period - Noah Gregor wins face-off versus Nicolas Petan in Canucks zone.
4:00 of 3rd period - Slapshot by Jaedon Descheneau.
4:00 of 3rd period - Stopped by Thatcher Demko with a rebound.
5:11 of 3rd period - Snap shot by Axel Holmstrom.
5:11 of 3rd period - Shot Misses the Net.
5:13 of 3rd period - Slapshot by Simon Bourque.
5:13 of 3rd period - Stopped by Joni Ortio without a rebound.
5:14 of 3rd period - Juho Lammikko wins face-off versus Noah Gregor in Barracuda zone.
5:15 of 3rd period - Snap shot by Axel Holmstrom.
5:15 of 3rd period - Stopped by Joni Ortio without a rebound.
5:16 of 3rd period - Noah Gregor wins face-off versus Axel Holmstrom in Barracuda zone.
5:41 of 3rd period - Ryan Lomberg is hit by Thomas Gobeil and loses puck.
6:00 of 3rd period - Minor Penalty to Jordan Gross for Hooking.
6:01 of 3rd period - Emil Pettersson wins face-off versus Nicolas Petan in Barracuda zone.
6:01 of 3rd period - Emil Pettersson is hit by Will Borgen.
6:11 of 3rd period - Snap shot by Guillaume Brisebois.
6:11 of 3rd period - Goal by Guillaume Brisebois - Barracuda : 4 - Canucks : 4.
6:12 of 3rd period - Nicolas Petan wins face-off versus Emil Pettersson in neutral zone.
6:16 of 3rd period - Minor Penalty to Brett Kulak for Tripping.
6:17 of 3rd period - Nicolas Petan wins face-off versus Emil Pettersson in Barracuda zone.
6:25 of 3rd period - Snap shot by Curtis Lazar.
6:25 of 3rd period - Stopped by Joni Ortio with a rebound.
6:27 of 3rd period - Slapshot by William Lagesson.
6:27 of 3rd period - Shot Misses the Net.
6:33 of 3rd period - Snap shot by Nicolas Petan.
6:33 of 3rd period - Goal by Nicolas Petan - Barracuda : 4 - Canucks : 5.
6:34 of 3rd period - Nicolas Petan wins face-off versus Emil Pettersson in neutral zone.
6:50 of 3rd period - Snap shot by Kurtis Macdermid.
6:50 of 3rd period - Shot Misses the Net.
8:00 of 3rd period - Guillaume Brisebois is hit by Thomas Gobeil.
8:24 of 3rd period - Cole Ully is hit by Trevor Moore and loses puck.
8:41 of 3rd period - Axel Holmstrom is hit by Kyle Platzer and loses puck.
8:51 of 3rd period - Wrist shot by Juho Lammikko.
8:51 of 3rd period - Stopped by Joni Ortio with a rebound.
8:53 of 3rd period - Slapshot by Will Borgen.
8:53 of 3rd period - Shot Blocked by Brett Kulak.
8:55 of 3rd period - Slapshot by Will Borgen.
8:55 of 3rd period - Stopped by Joni Ortio with a rebound.
8:57 of 3rd period - Snap shot by Trevor Moore.
8:57 of 3rd period - Shot Blocked by Robin Norell.
8:59 of 3rd period - Slapshot by Juho Lammikko.
8:59 of 3rd period - Stopped by Joni Ortio with a rebound.
9:01 of 3rd period - Backhand shot by Guillaume Brisebois.
9:01 of 3rd period - Stopped by Joni Ortio with a rebound.
9:03 of 3rd period - Snap shot by Will Borgen.
9:03 of 3rd period - Stopped by Joni Ortio with a rebound.
9:25 of 3rd period - Wrist shot by Axel Holmstrom.
9:25 of 3rd period - Shot Misses the Net.
9:44 of 3rd period - Backhand shot by Juho Lammikko.
9:44 of 3rd period - Stopped by Joni Ortio with a rebound.
10:08 of 3rd period - Nikolai Kovalenko is hit by Will Borgen and loses puck.
10:13 of 3rd period - Wrist shot by Juho Lammikko.
10:13 of 3rd period - Shot Misses the Net.
10:15 of 3rd period - Slapshot by William Lagesson.
10:15 of 3rd period - Stopped by Joni Ortio with a rebound.
10:17 of 3rd period - Snap shot by Juho Lammikko.
10:17 of 3rd period - Deflect By Trevor Moore.
10:17 of 3rd period - Shot Misses the Net.
10:17 of 3rd period - Puck is out of play.
10:18 of 3rd period - Nicolas Petan wins face-off versus Emil Pettersson in Barracuda zone.
10:23 of 3rd period - Wrist shot by Curtis Lazar.
10:23 of 3rd period - Stopped by Joni Ortio with a rebound.
10:43 of 3rd period - Daniil Miromanov is hit by Jordan Gross.
11:07 of 3rd period - William Lagesson is hit by Beck Malenstyn and loses puck.
11:56 of 3rd period - Slapshot by Jacob Peterson.
11:56 of 3rd period - Stopped by Thatcher Demko with a rebound.
12:12 of 3rd period - Slapshot by Nicolas Petan.
12:12 of 3rd period - Stopped by Joni Ortio with a rebound.
12:14 of 3rd period - Slapshot by Guillaume Brisebois.
12:14 of 3rd period - Shot Misses the Net.
13:17 of 3rd period - Noah Gregor is hit by Tobias Lindberg and loses puck.
13:28 of 3rd period - Snap shot by C.J. Smith.
13:28 of 3rd period - Shot Blocked by Brett Kulak.
14:20 of 3rd period - Off-side.
14:21 of 3rd period - Nicolas Petan wins face-off versus Kyle Platzer in neutral zone.
15:02 of 3rd period - Snap shot by Lane Pederson.
15:02 of 3rd period - Stopped by Joni Ortio with a rebound.
15:04 of 3rd period - Snap shot by C.J. Smith.
15:04 of 3rd period - Shot Blocked by Robin Norell.
15:17 of 3rd period - Icing by Brett Kulak.
15:18 of 3rd period - Axel Holmstrom wins face-off versus Jaedon Descheneau in Barracuda zone.
15:19 of 3rd period - Wrist shot by Juho Lammikko.
15:19 of 3rd period - Shot Blocked by Robin Norell.
15:30 of 3rd period - Off-side.
15:31 of 3rd period - Emil Pettersson wins face-off versus Aleksi Heponiemi in neutral zone.
16:58 of 3rd period - Wrist shot by Guillaume Brisebois.
16:58 of 3rd period - Shot Blocked by Alexei Toropchenko.
17:00 of 3rd period - Backhand shot by Mackenzie MacEachern.
17:00 of 3rd period - Shot Misses the Net.
17:02 of 3rd period - Backhand shot by Guillaume Brisebois.
17:02 of 3rd period - Deflect By William Lockwood.
17:02 of 3rd period - Stopped by Joni Ortio without a rebound.
17:03 of 3rd period - Mackenzie MacEachern wins face-off versus Cole Ully in Barracuda zone.
17:04 of 3rd period - Snap shot by Aleksi Heponiemi.
17:04 of 3rd period - Shot Misses the Net.
17:06 of 3rd period - Snap shot by William Lagesson.
17:06 of 3rd period - Stopped by Joni Ortio with a rebound.
17:08 of 3rd period - Wrist shot by Mackenzie MacEachern.
17:08 of 3rd period - Stopped by Joni Ortio with a rebound.
17:10 of 3rd period - Slapshot by Daniil Miromanov.
17:10 of 3rd period - Shot Misses the Net.
17:25 of 3rd period - Icing by Jordan Gross.
17:26 of 3rd period - Nicolas Petan wins face-off versus Emil Pettersson in Barracuda zone.
17:29 of 3rd period - Wrist shot by Curtis Lazar.
17:29 of 3rd period - Shot Misses the Net.
17:31 of 3rd period - Slapshot by Ryan Lomberg.
17:31 of 3rd period - Stopped by Joni Ortio without a rebound.
17:32 of 3rd period - Ryan Lomberg wins face-off versus Thomas Gobeil in Barracuda zone.
17:37 of 3rd period - Snap shot by Curtis Lazar.
17:37 of 3rd period - Stopped by Joni Ortio with a rebound.
17:39 of 3rd period - Wrist shot by Will Borgen.
17:39 of 3rd period - Shot Misses the Net.
17:41 of 3rd period - Slapshot by Ryan Lomberg.
17:41 of 3rd period - Shot Misses the Net.
17:45 of 3rd period - Snap shot by Nicolas Petan.
17:45 of 3rd period - Shot Misses the Net.
18:00 of 3rd period - Icing by Kurtis Macdermid.
18:01 of 3rd period - Emil Pettersson wins face-off versus Aleksi Heponiemi in Barracuda zone.
18:06 of 3rd period - Slapshot by Robin Norell.
18:06 of 3rd period - Deflect By Emil Pettersson.
18:06 of 3rd period - Shot Misses the Net.
18:06 of 3rd period - Puck is out of play.
18:07 of 3rd period - Aleksi Heponiemi wins face-off versus Kyle Platzer in Canucks zone.
18:20 of 3rd period - Slapshot by Mackenzie MacEachern.
18:20 of 3rd period - Shot Misses the Net.
18:22 of 3rd period - Slapshot by William Lagesson.
18:22 of 3rd period - Deflect By Mackenzie MacEachern.
18:22 of 3rd period - Shot Misses the Net.
18:22 of 3rd period - Puck is out of play.
18:23 of 3rd period - Emil Pettersson wins face-off versus Nicolas Petan in Barracuda zone.
18:34 of 3rd period - Nicolas Petan is hit by Thomas Gobeil and loses puck.
19:14 of 3rd period - Snap shot by Ryan Lomberg.
19:14 of 3rd period - Shot Misses the Net.
19:16 of 3rd period - Snap shot by Nicolas Petan.
19:16 of 3rd period - Goal by Nicolas Petan - Barracuda : 4 - Canucks : 6.
19:17 of 3rd period - Aleksi Heponiemi wins face-off versus Emil Pettersson in neutral zone.
19:52 of 3rd period - Wrist shot by Kyle Platzer.
19:52 of 3rd period - Stopped by Thatcher Demko without a rebound.
19:53 of 3rd period - Alex Henriksson wins face-off versus Nicolas Petan in Canucks zone.
19:56 of 3rd period - Snap shot by Kyle Platzer.
19:56 of 3rd period - Deflect By Alex Henriksson.
19:56 of 3rd period - Shot Misses the Net.
19:56 of 3rd period - Puck is out of play.
19:57 of 3rd period - Nicolas Petan wins face-off versus Alex Henriksson in Canucks zone.
Goals for this period are 0 for Barracuda vs 3 for Canucks.
Shots for this period are 8 for Barracuda vs 21 for Canucks.